 Dungeon Crawl Stone Soup version 0.29-a0-620-g13ace881f2 (webtiles) character file.

Game seed: 4508068183376468395

6892 PentaManta the Marksspriggan (level 10, 0/46 HPs)
             Began as a Spriggan Hunter on June 18, 2022.
             Was a Follower of Nemelex Xobeh.
             Slain by a boulder beetle (46 damage)
             ... on level 9 of the Dungeon.
             The game lasted 00:17:22 (9155 turns).

PentaManta the Marksspriggan (Spriggan Hunter)      Turns: 9155, Time: 00:17:23

Health: 0/46       AC:  5    Str:  7    XL:     10   Next: 79%
Magic:  11/11      EV: 29    Int: 10    God:    Nemelex Xobeh [*.....]
Gold:   314        SH:  0    Dex: 24    Spells: 9/9 levels left

rFire   . . .      SeeInvis +   a - +3 shortbow
rCold   . . .      Faith    .   (shield currently unavailable)
rNeg    . . .      Spirit   .   s - +0 steam dragon scales
rPois   +          Reflect  .   (helmet restricted)
rElec   .          Harm     .   (no cloak)
rCorr   +          Rampage  .   (gloves unavailable)
Will    +....                   (boots unavailable)
Stlth   ++++......              (no amulet)
HPRegen 0.15/turn               p - ring of resist corrosion
MPRegen 0.12/turn               F - ring of poison resistance

@: very quick
A: very small, no large weapons, unfitting armour, see invisible, speed 3
a: Renounce Religion, Draw Escape, Draw Destruction, Draw Summoning


You were on level 9 of the Dungeon.
You worshipped Nemelex Xobeh.
Nemelex Xobeh was aware of your devotion.
You visited 2 branches of the dungeon, and saw 10 of its levels.
You also visited: Ossuary.

You collected 563 gold pieces.
You spent 249 gold pieces at shops.

Inventory:

Hand Weapons
 a - a +3 shortbow (weapon)
 E - the +6 dagger of Wu Jian, Holding {flame, +Blink Fly rC+ Will+}
   (You found it on level 6 of the Dungeon)

   It burns those it strikes, dealing additional fire damage.
   rC:        It protects you from cold.
   Fly:       It grants you flight.
   +Blink:    It lets you blink.
   Will:      It increases your willpower.
Missiles
 g - a curare-tipped dart
 r - 20 poisoned darts
 x - a throwing net
Armour
 s - +0 steam dragon scales (worn)
Jewellery
 p - a ring of resist corrosion (left hand)
 F - a ring of poison resistance (right hand)
Wands
 q - a wand of flame (23)
 w - a wand of light (4)
 G - a wand of digging (5)
Scrolls
 b - 2 scrolls of identify
 c - a scroll of immolation
 f - 3 scrolls of poison
 h - a scroll of fog
 i - a scroll of magic mapping
 k - 2 scrolls of blinking
 v - 8 scrolls of teleportation
 y - 2 scrolls of amnesia {unknown}
Potions
 d - 2 potions of haste
 e - 3 potions of heal wounds
 j - a potion of resistance
 l - a potion of cancellation
 m - 4 potions of mutation
 n - a potion of berserk rage
 o - 3 potions of attraction
 t - 2 potions of experience {unknown}
 u - 2 potions of flight {unknown}
 z - 2 potions of might {unknown}
 A - a potion of ambrosia {unknown}
 B - 5 potions of brilliance {unknown}
 C - a potion of lignification {unknown}
 D - 2 potions of degeneration {unknown}
 H - a potion of invisibility {unknown}


   Skills:
 - Level 1.5 Fighting
 * Level 15.9 Bows
 + Level 11.9 Dodging
 - Level 8.0 Stealth


You had 9 spell levels left.
You didn't know any spells.
Your spell library contained the following spells:

 Spells                   Type           Power      Damage    Failure   Level
 Apportation              Tloc           0%         N/A       36%         1
 Beastly Appendage        Tmut           0%         N/A       36%         1
 Magic Dart               Conj           0%         1d3       36%         1
 Necrotize                Necr           0%         1d4       36%         1
 Summon Small Mammal      Summ           0%         N/A       36%         1
 Call Imp                 Summ           0%         N/A       50%         2
 Ensorcelled Hibernation  Hex/Ice        0%         N/A       50%         2
 Searing Ray              Conj           0%         2d4       50%         2
 Wereblood                Tmut           0%         N/A       50%         2
 Dazzling Flash           Conj/Hex       0%         N/A       75%         3
 Mephitic Cloud           Conj/Pois/Air  0%         N/A       75%         3
 Spider Form              Tmut/Pois      0%         N/A       75%         3
 Tukima's Dance           Hex            0%         N/A       75%         3
 Vampiric Draining        Necr           0%         2d6       75%         3
 Anguish                  Hex/Necr       0%         N/A       98%         4
 Fulminant Prism          Conj/Hex       0%         3d6       98%         4
 Iskenderun's Mystic Bla  Conj/Tloc      0%         2d3       98%         4
 Passage of Golubria      Tloc           0%         N/A       98%         4
 Agony                    Necr           0%         N/A       100%        5
 Yara's Violent Unravell  Hex/Tmut       0%         3d3       100%        5
 Starburst                Conj/Fire      0%         6d3       100%        6


Dungeon Overview and Level Annotations

Branches:
Dungeon (9/15)             Temple (1/1) D:6            Lair (0/6) D:9
Ossuary (visited)
    Orc: D:9-12

Altars:
Ashenzari
Cheibriados
Dithmenos
Elyvilon
Fedhas
Gozag
Hepliaklqana
Kikubaaqudgha
Makhleb
Nemelex Xobeh
Okawaru
Qazlal
Ru
Sif Muna
Trog
Vehumet
Wu Jian
Xom
Yredelemnul
Zin
The Shining One

Shops:
D:2 =   D:6 :   D:7 =**   D:9 (


Innate Abilities, Weirdness & Mutations

You are very small and have problems with some larger weapons.
You are too small for most types of armour.
You have supernaturally acute eyesight. (SInv)
You cover ground extremely quickly. (Speed+++)


Message History

Things that are here:
a +0 long sword; a +0 leather armour; an orc corpse You see here a +0 mace.
There is an open door here.
There is an open door here.
You now have 267 gold pieces (gained 18).
You now have 282 gold pieces (gained 15).
m - 4 potions of mutation (gained 1)
w - a wand of light (4) (gained 2 charges)
You now have 304 gold pieces (gained 22).
You now have 314 gold pieces (gained 10).
You open the door.
There is an open door here.
You open the door.
A boulder beetle comes into view.
A boulder beetle is nearby!
A boulder beetle is nearby!
A boulder beetle is nearby!
You shoot an arrow.
The arrow hits the boulder beetle but does no damage.
The boulder beetle leaps!
You shoot an arrow. The arrow hits the boulder beetle.
The boulder beetle is lightly wounded.
You shoot an arrow. The arrow hits the boulder beetle.
The boulder beetle is lightly wounded.
You shoot an arrow.
The arrow barely misses the boulder beetle.
Okay, then.
You draw a card...
You have drawn the Cloud.
Clouds appear around you!
The deck of cards glows slightly and disappears.
The boulder beetle barely misses you.
Unknown command.
The boulder beetle curls into a ball and begins rolling!
There is an open door here.
You open the door.
The boulder beetle attacks as you move away!
The boulder beetle hits you!!!
Ouch! That really hurt!
You die...
Your body disappears without a glow.

.......##......##...##
..).)..'..####.'...[[#
.......#.## ###.)...#
.....).#.# #§§...# #
.......#.# +#§§..##.#
.......#.## #§#####.#
.......)).#####°# ..
###'###......##B##.#
))..# ######.#..@'.#
)#### #.##.##.# )#
######V.###..# )####
#....'.......#
.<..###.####.......#
....##..# #.......#
.)..#..## #.......#
.)..).## #.......#
....### #>......#


You could see a boulder beetle (rolling).

Vanquished Creatures
  Erica (D:9)
  A two-headed ogre (D:9)
  A hornet (D:9)
  A vampire (D:9)
  A wraith (D:9)
  A wyvern (D:9)
  6 yaks
  A steam dragon (D:7)
  A water moccasin (D:6)
  An acid dragon (D:9)
  An orc warrior (D:9)
  3 black bears
  3 sky beasts
  2 ice beasts
  3 ogres
  2 centaurs (D:9)
  2 phantoms
  2 kobold brigands (D:9)
  3 bullfrogs
  4 necrophages
  2 scorpions
  5 wights
  2 water moccasin zombies (Ossuary)
  13 killer bees
  5 hounds
  2 jellies
  A gnoll shaman (D:5)
  An orc priest (D:8)
  3 iguanas
  Terence (D:3)
  9 orc wizards
  2 mummies (Ossuary)
  Robin (D:3)
  7 gnolls
  2 adders
  2 shadow imps
  A white imp (D:6)
  An ufetubus (D:7)
  4 adder zombies (Ossuary)
  3 worms
  23 orcs
  5 endoplasms
  2 giant cockroaches (D:1)
  2 gnoll zombies (Ossuary)
  14 goblins
  12 hobgoblins
  9 jackals
  17 kobolds
  5 quokkas
  6 ball pythons
  6 bats
  3 frilled lizards
  7 hobgoblin zombies (Ossuary)
  4 kobold zombies (Ossuary)
  3 orc zombies (Ossuary)
  5 rats
230 creatures vanquished.

Vanquished Creatures (others)
  A plant (D:9)
1 creature vanquished.

Grand Total: 231 creatures vanquished

Notes
Turn   | Place    | Note
-------+----------+-------------------------------------------
     0 | D:1      | PentaManta the Spriggan Hunter began the quest for the Orb.
     0 | D:1      | Reached XP level 1. HP: 10/10 MP: 2/2
   109 | D:1      | Reached skill level 5 in Bows
   198 | D:1      | Reached XP level 2. HP: 14/14 MP: 3/3
   598 | D:2      | Reached skill level 6 in Bows
   676 | D:2      | Reached XP level 3. HP: 18/18 MP: 4/4
   887 | D:2      | Found Jistross's Jewellery Shop.
  1441 | D:2      | Reached XP level 4. HP: 4/22 MP: 5/5
  2070 | D:3      | Reached skill level 7 in Bows
  2369 | D:3      | Found a radiant altar of Vehumet.
  2483 | D:3      | Reached XP level 5. HP: 20/25 MP: 6/6
  2715 | D:3      | Noticed Robin
  2761 | D:3      | Killed Robin
  2762 | D:3      | Reached skill level 8 in Bows
  2893 | D:3      | Noticed Terence
  2922 | D:3      | Killed Terence
  3282 | D:4      | Found a sacrificial altar of Ru.
  3288 | D:4      | Noticed a phantom
  3294 | D:4      | Killed a phantom
  3295 | D:4      | Reached XP level 6. HP: 30/30 MP: 7/7
  3336 | D:4      | Reached skill level 9 in Bows
  3752 | D:5      | Entered Level 5 of the Dungeon
  3752 | D:5      | Found a hazy altar of Hepliaklqana.
  3761 | D:5      | Reached skill level 10 in Bows
  3769 | D:5      | Reached XP level 7. HP: 27/33 MP: 8/8
  4143 | D:5      | Reached skill level 11 in Bows
  4597 | D:5      | Reached XP level 8. HP: 37/37 MP: 9/9
  4609 | D:5      | Reached skill level 12 in Bows
  4669 | D:5      | HP: 1/37 [poisoned by a killer bee]
  5018 | D:6      | Reached skill level 5 in Dodging
  5018 | D:6      | Reached skill level 5 in Stealth
  5225 | D:6      | Found a staircase to the Ecumenical Temple.
  5296 | Temple   | Entered the Ecumenical Temple
  5362 | Temple   | Became a worshipper of Nemelex Xobeh the Trickster
  5642 | D:6      | Reached XP level 9. HP: 24/41 MP: 10/10
  5896 | D:6      | Reached skill level 13 in Bows
  5910 | D:6      | Found Muyp's Self-Improvement Boutique.
  5911 | D:6      | Identified the +6 dagger of Wu Jian, Holding {flame, +Blink
                  | Fly rC+ Will+}
  6134 | D:7      | Found a sand-covered staircase.
  6140 | Ossuary  | Entered an ossuary
  6335 | D:7      | Found an iron altar of Okawaru.
  6399 | D:7      | Found Cicsaime's General Store.
  6560 | D:7      | Found Jaxuj's General Store.
  6568 | D:7      | Bought a potion of heal wounds for 65 gold pieces
  6568 | D:7      | Bought a scroll of blinking for 97 gold pieces
  6568 | D:7      | Bought a scroll of teleportation for 39 gold pieces
  6593 | D:7      | Found a glowing golden altar of the Shining One.
  6674 | D:7      | Bought a scroll of identify for 24 gold pieces
  6674 | D:7      | Bought a scroll of identify for 24 gold pieces
  6704 | D:7      | Found a stormy altar of Qazlal.
  7006 | D:7      | Found Doenes's Jewellery Shop.
  7210 | D:7      | Reached skill level 14 in Bows
  7663 | D:8      | Reached * piety under Nemelex Xobeh
  7790 | D:8      | Reached XP level 10. HP: 46/46 MP: 11/11
  7836 | D:8      | Found an ancient bone altar of Kikubaaqudgha.
  7839 | D:8      | Found an ornate altar of the Wu Jian Council.
  7843 | D:8      | Found a bloodstained altar of Trog.
  8006 | D:9      | Received a gift from Nemelex Xobeh
  8026 | D:9      | Found a glowing silver altar of Zin.
  8026 | D:9      | Found an opulent altar of Gozag.
  8086 | D:9      | Reached skill level 10 in Dodging
  8331 | D:9      | Reached skill level 15 in Bows
  8599 | D:9      | Found Irog's Antique Weapon Shop.
  8623 | D:9      | Noticed Erica
  8642 | D:9      | Killed Erica
  8914 | D:9      | Noticed a two-headed ogre
  8930 | D:9      | Killed a two-headed ogre
  8964 | D:9      | Found a staircase to the Lair.
  9145 | D:9      | Noticed a boulder beetle
  9155 | D:9      | Slain by a boulder beetle

Illustrated notes

Levels and vault maps discovered:
D:1:      ebering_trefoil_twist, layout_loops_ring
D:2:      layout_loops_ring, serial_shops, shop
D:3:      kennysheep_goblin_castle, layout_loops_corners, vehumet_altar_wand_db,
          uniq_terence
D:4:      layout_loops_ring, nicolae_ru_sacrificial_ziggurat
D:5:      layout_basic, lemuel_crystal_altar
D:6:      layout_basic, minmay_temple_entry_fiery, hex_tiny,
          grunt_ministairs_12, nicolae_shop_self_help
D:7:      layout_basic, kennysheep_little_box, general_overflow_altar,
          okawaru_metal_pillars_3, lightli_ossuary_entry_decrepit_ruins,
          serial_shops, shop, nicolae_stop_n_shop_1, nicolae_take_the_stairs
D:8:      layout_rooms, grunt_temple_overflow_diamond
D:9:      layout_roguey, grunt_temple_overflow_gold_and_silver,
          mainiacjoe_overflow_alcove_2, lair_entry_dummy, serial_shops,
          nicolae_shop_overgrown_old_shop, dk_noncrumbling_3,
          minmay_joined_circles, uniq_erica
Temple:   cyrus_temple_forest

Skill      XL: |  1  2  3  4  5  6  7  8  9 10 |
---------------+-------------------------------+-----
Bows           | 5 6 7 8 10 11 12 14 15 | 15.9
Dodging        | 3 6 9 11 | 11.9
Stealth        | 2 6 8 |  8.0
Fighting       | |  1.5

Action                   |  1- 3 |  4- 6 |  7- 9 | 10-12 || total
-------------------------+-------+-------+-------+-------++-------
 Fire: Shortbow          |    68 |   178 |   442 |   211 ||   899
Throw: Dart              |       |       |     7 |       ||     7
       Throwing net      |       |       |     1 |       ||     1
Invok: Draw Destruction  |       |       |       |     8 ||     8
       Draw Escape       |       |       |       |     1 ||     1
Evoke: Wand              |       |       |     7 |     1 ||     8
  Use: Potion            |       |       |     5 |     1 ||     6
       Scroll            |       |       |    19 |       ||    19
Armor: Robe              |     3 |     3 |    10 |       ||    16
       Steam dragon scal |       |       |     1 |     4 ||     5
Dodge: Dodged            |    17 |    51 |   216 |    99 ||   383

Table legend: (Time is in decaauts)
 A = Elapsed time spent in this place.
 B = Non-inter-level travel time spent in this place.
 C = Inter-level travel time spent in this place.
 D = Time resting spent in this place.
 E = Time spent auto-exploring this place.
 F = Levels seen in this place.
 G = Mean time per level.
                   A        B        C        D        E       F      G
               +--------+--------+--------+--------+--------+-----+--------+
         Total |   7044 |   6802 |    242 |   1153 |   4170 |  11 |  640.4 |
       Dungeon |   6835 |   6609 |    226 |   1153 |   4087 |   9 |  759.4 |
        Temple |     58 |     42 |     16 |      0 |     29 |   1 |   58.0 |
       Ossuary |    149 |    149 |      0 |      0 |     53 |   1 |  149.0 |
               +--------+--------+--------+--------+--------+-----+--------+

Top non-repeatable levels by time:
     D:2: 1174 daAuts
     D:5: 1088 daAuts
     D:6: 926 daAuts
     D:9: 917 daAuts
     D:7: 878 daAuts
     D:3: 811 daAuts
     D:1: 389 daAuts
     D:4: 348 daAuts
     D:8: 301 daAuts
 Ossuary: 149 daAuts
  Temple: 58 daAuts
